 Dungeon Crawl Stone Soup version 0.29.0-4-gdea44cf6ec (webtiles) character file.

Game seed: 7808083184911670023

53 qw the Chopper (level 3, 0/35 HPs)
             Began as an Ogre Enchanter on Sept 4, 2022.
             Slain by an orc wizard
             ... wielding a +0 dagger
              (2 damage)
             ... on level 3 of the Dungeon.
             The game lasted 00:01:25 (3267 turns).

qw the Chopper (Ogre Enchanter)                     Turns: 3267, Time: 00:01:26

Health: 0/35       AC: 14    Str: 16    XL:     3   Next: 87%
Magic:  6/6        EV:  9    Int: 16    God:
Gold:   142        SH:  0    Dex:  9    Spells: 6/6 levels left

rFire   . . .      SeeInvis .   Y - +0 rapier (protect)
rCold   + + .      Faith    .   (no shield)
rNeg    . . .      Spirit   .   b - +0 robe
rPois   .          Reflect  .   a - +0 hat "Pusmi" {rC+ Str+2}
rElec   .          Harm     .   (no cloak)
rCorr   .          Rampage  .   (gloves unavailable)
Will    .....                   (boots unavailable)
Stlth   ++........              g - amulet of the acrobat
HPRegen 0.11/turn               d - +4 ring of protection
MPRegen 0.10/turn               j - ring of protection from cold

@: under a protective aura
A: large, unfitting armour, tough skin 1
a: no special abilities


You were on level 3 of the Dungeon.
You visited 1 branch of the dungeon, and saw 3 of its levels.

You collected 142 gold pieces.


Innate Abilities, Weirdness & Mutations

You are too large for most types of armour.
You have tough skin. (AC +1)


   Skills:
 - Level 2.1 Fighting
 - Level 0.8 Short Blades
 + Level 2.7 Axes
 - Level 1.7 Dodging
 - Level 2.1 Stealth
 - Level 2.4 Spellcasting
 - Level 2.6 Hexes


You had 6 spell levels left.
You didn't know any spells.
Your spell library contained the following spells:

 Spells                   Type           Power      Damage    Failure   Level
 Ensorcelled Hibernation  Hex/Ice        12%        N/A       17%         2
 Confusing Touch          Hex            10%        N/A       21%         3
 Tukima's Dance           Hex            10%        N/A       21%         3
 Dazzling Flash           Conj/Hex       12%        N/A       34%         3

Inventory:

Hand Weapons
 Y - a +0 rapier of protection (weapon)
Armour
 a - the +0 hat "Pusmi" (worn) {rC+ Str+2}
   (You acquired it on level 1 of the Dungeon)

   Str:       It affects your strength (+2).
   rC:        It protects you from cold.
 b - a +0 robe (worn)
Jewellery
 d - a +4 ring of protection (left hand)
 g - an amulet of the acrobat (around neck)
 j - a ring of protection from cold (right hand)
Scrolls
 c - a scroll of identify
Potions
 e - a potion of heal wounds {unknown}
 i - a potion of magic {unknown}
 k - a potion of curing
 m - a potion of haste {unknown}
 n - 2 potions of attraction {unknown}
 o - a potion of brilliance {unknown}

Dungeon Overview and Level Annotations

Branches:
Dungeon (3/15)

Altars:
Zin


Message History

Something hits you but does no damage. The orc hits you but does no damage.
Something hits you but does no damage. The orc barely misses you.
You barely miss the orc.
The orc is lightly wounded.
You hear some strange, mumbled words.
A magic dart appears from out of thin air!
The magic dart hits you. The orc hits you but does no damage.
You closely miss the orc.
The orc is lightly wounded.
Something hits you. The orc barely misses you.
You hit the orc.
You kill the orc!
Something hits you but does no damage.
You hit something.
You hear some strange, mumbled words.
Something tries to affect you, but you resist.
You closely miss something. Something hits you but does no damage.
You closely miss something. Something hits you but does no damage.
You hit something.
Something hits you but does no damage. x2
You miss something.
You hear some strange, mumbled words.
A puff of flame appears from out of thin air!
The puff of flame hits you!
You closely miss something. Something hits you.
You miss something. Something hits you but does no damage.
You barely miss something. Something hits you but does no damage.
You miss something. Something hits you.
You hit something but do no damage.
Your weapon exudes an aura of protection.
You hear some strange, mumbled words.
Something tries to affect you, but you resist.
Something hits you.
You die...

........###.
............ .......
........... .......
........... .......
........# .......
........#########.......
..........##............
........#.#..)......#
....###.#.#.###.@{..#
###.# ##.#.## #.)....# #
#.# #.###.# #......#
....# ## ## ###....#
###.# ....# ....# ......
##### ....... .......


There were no monsters in sight!

Vanquished Creatures
  3 worms
  3 orcs
  5 ball pythons (D:1)
  4 endoplasms
  A giant cockroach (D:1)
  6 goblins
  4 hobgoblins
  3 jackals (D:3)
  A quokka (D:1)
  A bat (D:3)
  3 frilled lizards
  A kobold (D:2)
  4 rats
39 creatures vanquished.

Notes
Turn   | Place    | Note
-------+----------+-------------------------------------------
     0 | D:1      | qw the Ogre Enchanter began the quest for the Orb.
     0 | D:1      | Reached XP level 1. HP: 16/16 MP: 3/3
     0 | D:1      | 0 ||| qw: Version: 0.1-a-103-gd6f5d3a
     0 | D:1      | 0 ||| qw: Game counter: 5561
     0 | D:1      | 0 ||| qw: Always use a shield: true
     0 | D:1      | 0 ||| qw: God list: Okawaru
     0 | D:1      | 0 ||| qw: Allow faded altars: false
     0 | D:1      | 0 ||| qw: Do Orc after D:15 true
     0 | D:1      | 0 ||| qw: Do second Lair branch before Depths: true
     0 | D:1      | 0 ||| qw: Lair rune preference: random
     0 | D:1      | 0 ||| qw: Plans: Normal
     0 | D:1      | 0 ||| PLANNING D:1-11
   283 | D:1      | Reached skill level 1 in Axes
   369 | D:1      | Reached skill level 1 in Fighting
   576 | D:1      | 576 ||| SWAPPING to +0 whip.
   577 | D:1      | 577 ||| DROPPING +1 dagger.
   639 | D:1      | Reached XP level 2. HP: 21/27 MP: 5/5
  1095 | D:1      | 1095 ||| Stepping ~*~*~tactically~*~*~ (stealth).
  1293 | D:1      | 1293 ||| UPGRADING to +4 ring of protection.
  1294 | D:1      | 1294 ||| UPGRADING to ring of protection from cold.
  1295 | D:1      | 1295 ||| READING scroll labelled FANLEDDAIMIU.
  1295 | D:1      | Identified a scroll of acquirement
  1295 | D:1      | 1295 ||| ACQUIRING +0 hat "Pusmi" {rC+ Str+2}
  1295 | D:1      | Acquired the +0 hat "Pusmi" {rC+ Str+2}
  1297 | D:1      | 1297 ||| UPGRADING to +0 hat "Pusmi" {rC+ Str+2}.
  1302 | D:1      | 1302 ||| READING scroll labelled OKHESU MIODOE.
  1303 | D:1      | 1303 ||| READING scroll labelled FANTUT GANGEA.
  1304 | D:1      | 1304 ||| READING scroll labelled JUSCHI GOESADIV.
  1305 | D:1      | 1305 ||| DROPPING 2 potions of invisibility.
  1380 | D:2      | 1380 ||| STAIRDANCE
  1558 | D:2      | 1558 ||| SWAPPING to +0 rapier.
  1559 | D:2      | 1559 ||| DROPPING +1 whip.
  1629 | D:2      | Reached XP level 3. HP: 31/35 MP: 6/6
  1629 | D:2      | 1629 ||| FLEEEEING.
  1643 | D:2      | 1643 ||| Stepping ~*~*~tactically~*~*~ (outnumbered).
  1645 | D:2      | 1645 ||| Stepping ~*~*~tactically~*~*~ (outnumbered).
  1646 | D:2      | 1646 ||| Stepping ~*~*~tactically~*~*~ (outnumbered).
  1648 | D:2      | 1648 ||| Stepping ~*~*~tactically~*~*~ (outnumbered).
  1650 | D:2      | 1650 ||| Stepping ~*~*~tactically~*~*~ (outnumbered).
  1651 | D:2      | 1651 ||| Stepping ~*~*~tactically~*~*~ (outnumbered).
  2146 | D:2      | 2146 ||| Stepping ~*~*~tactically~*~*~ (stealth).
  2210 | D:2      | 2210 ||| UPGRADING to amulet of the acrobat.
  2215 | D:2      | 2215 ||| DROPPING ring of wizardry.
  2216 | D:2      | 2216 ||| READING scroll labelled TURCHA OTOR.
  2217 | D:2      | 2217 ||| READING scroll labelled EGUEDA EMANLIGGY.
  2218 | D:2      | 2218 ||| DRINKING 2 yellow potions.
  2281 | D:1      | 2281 ||| Stepping randomly (stuck).
  2498 | D:3      | 2498 ||| Stepping ~*~*~tactically~*~*~ (stealth).
  2499 | D:3      | 2499 ||| Stepping ~*~*~tactically~*~*~ (stealth).
  2500 | D:3      | 2500 ||| Stepping ~*~*~tactically~*~*~ (stealth).
  2502 | D:3      | 2502 ||| Stepping ~*~*~tactically~*~*~ (stealth).
  2521 | D:3      | Found a glowing silver altar of Zin.
  2561 | D:3      | 2561 ||| Stepping ~*~*~tactically~*~*~ (stealth).
  2609 | D:3      | 2609 ||| Stepping ~*~*~tactically~*~*~ (hiding).
  2626 | D:3      | 2626 ||| Stepping ~*~*~tactically~*~*~ (hiding).
  2728 | D:3      | 2728 ||| Stepping ~*~*~tactically~*~*~ (hiding).
  2830 | D:3      | 2830 ||| Stepping ~*~*~tactically~*~*~ (hiding).
  2932 | D:3      | 2932 ||| Stepping ~*~*~tactically~*~*~ (hiding).
  3034 | D:3      | 3034 ||| Stepping ~*~*~tactically~*~*~ (hiding).
  3136 | D:3      | 3136 ||| Stepping ~*~*~tactically~*~*~ (hiding).
  3262 | D:3      | HP: 3/35 [something/puff of flame (7)]
  3267 | D:3      | Slain by an orc wizard

Levels and vault maps discovered:
D:1:      spicycebolla_arrival_ecumenical, layout_loops_ring
D:2:      layout_rooms, dk_vineyard_2
D:3:      layout_basic, nicolae_overflow_ecumenical_swirl, zin_academy,
          roderic_roman_lattice, kennysheep_another_room

Skill      XL: |  1  2  3 |
---------------+----------+-----
Axes           | 1 2 |  2.7
Fighting       | 1 2 |  2.1
Short Blades   | |  0.8
Dodging        | |  1.7
Stealth        | |  2.1
Spellcasting   | |  2.4
Hexes          | |  2.6

Action                   || total
-------------------------++-------
Melee: Dagger            ||    34
       Whip              ||    58
       Rapier            ||   137
       Punch             ||     2
  Use: Scroll            ||     6
       Potion            ||     1
Armor: Robe              ||   107
Dodge: Dodged            ||    84

Table legend:
 A = Non-vault XP
 B = Vault XP
 C = Vault XP percentage of total XP
 D = Non-vault monster count
 E = Vault monster count
 F = Vault count percentage of total count
                 A         B        C        D         E       F
            +---------+---------+-------+---------+---------+-------
      Total |      76 |       0 |   0.0 |      39 |       0 |   0.0
            +---------+---------+-------+---------+---------+-------
        D:1 |      27 |       0 |   0.0 |      18 |       0 |   0.0
        D:2 |      22 |       0 |   0.0 |      11 |       0 |   0.0
        D:3 |      27 |       0 |   0.0 |      10 |       0 |   0.0
            +---------+---------+-------+---------+---------+-------
